Map: 광부 대피

Players

테라진

  • Race: Protoss Protoss
  • Spawn Location: 7:00

춤추는불곰

  • Race: Terran Terran
  • Spawn Location: 7:00

VOD

Have the link to the VOD?

Description

Time

  • Played on: Aug. 18, 2017, 2:25 a.m.
  • Length: 24:25
Show
View Real Time Build Order
Export as new Build Order

테라진 Protoss 

Build Orders:  

Get SALT Encoding   

  12  0:02  Probe (Chrono Boost)  
  13  0:16  Probe (Chrono Boost)  
  14  0:26  Pylon  
  14  0:32  Probe (Chrono Boost)  
  15  0:50  Probe (Chrono Boost)  
  16  1:04  Probe (Chrono Boost)  
  17  1:18  Probe (Chrono Boost)  
  18  1:32  Probe (Chrono Boost)  
  18  1:37  Pylon  
  18  1:46  Probe (Chrono Boost)  
  19  2:00  Nexus  
  19  2:25  Probe (Chrono Boost)  
  19  2:28  Assimilator  
  20  2:31  Gateway  
  20  2:34  Assimilator  
  20  2:39  Probe (Chrono Boost)  
  20  2:42  Pylon  
  21  2:53  Probe (Chrono Boost)  
  22  3:05  Pylon  
  22  3:07  Probe (Chrono Boost)  
  23  3:21  Probe (Chrono Boost)  
  24  3:40  Probe (Chrono Boost)  
  25  3:54  Probe (Chrono Boost)  
  25  3:56  Probe (Chrono Boost)  
  27  4:00  Cybernetics Core  
  27  4:08  Probe (Chrono Boost)  
  27  4:09  Probe (Chrono Boost)  
  29  4:22  Probe (Chrono Boost)  
  29  4:24  Pylon  
  30  4:36  Probe (Chrono Boost)  
  31  4:49  Probe (Chrono Boost)  
  32  5:03  Probe (Chrono Boost)  
  33  5:17  Probe (Chrono Boost)  
  33  5:18  Assimilator  
  34  5:20  Assimilator, Probe (Chrono Boost)  
  34  5:24  Death Council  
  34  5:29  Pylon  
  35  5:31  Gateway, Probe (Chrono Boost)  
  35  5:32  Pylon  
  35  5:34  Probe (Chrono Boost)  
  37  5:45  Probe (Chrono Boost)  
  37  5:48  Probe (Chrono Boost)  
  39  5:59  Probe (Chrono Boost)  
  40  6:02  Probe (Chrono Boost)  
  41  6:12  Forge  
  41  6:13  Probe (Chrono Boost)  
  41  6:16  Probe (Chrono Boost)  
  41  6:18  Ascendant Archives  
  43  6:27  Probe (Chrono Boost)  
  44  6:30  Gateway, Probe (Chrono Boost)  
  44  6:32  Gateway, Warp Gate  
  45  6:40  Probe (Chrono Boost)  
  45  6:43  Probe (Chrono Boost)  
  47  6:57  Probe (Chrono Boost)  
  48  7:31  Power Overwhelming  
  48  7:38  Gateway  
  48  7:39  Imposing Presence (Chrono Boost), Gateway  
  48  7:41  Gateway  
  48  7:42  Gateway  
  48  7:59  Ascendant x2  
  52  8:00  Ascendant x2  
  52  8:05  Mothership  
  56  8:11  Pylon  
  56  8:14  Pylon  
  56  8:20  Mind Blast  
  56  8:24  Pylon  
  56  8:28  Pylon  
  56  8:31  Pylon  
  56  8:35  Pylon  
  56  8:45  Ascendant x2  
  56  8:46  Ascendant  
  62  8:56  Ascendant  
  64  9:08  Chaotic Attunement  
  64  9:09  Pylon  
  64  9:13  Pylon  
  64  9:18  Supplicant x4  
  64  9:19  Supplicant x4  
  76  9:34  Ascendant  
  76  9:38  Ascendant  
  80  9:40  Supplicant x2  
  80  9:41  Supplicant x4  
  80  9:42  Supplicant x4  
  80  9:43  Supplicant x2  
  94  10:17  Ascendant x2  
  94  10:19  Supplicant x2  
  100  10:20  Supplicant x6  
  103  10:50  Probe  
  103  10:59  Ascendant x2  
  104  11:02  Supplicant x6  
  104  11:03  Supplicant x4  
  108  11:35  Ascendant x2  
  112  11:59  Havoc  
  113  12:08  Pylon  
  113  12:19  Pylon  
  111  12:23  Pylon  
  111  12:24  Havoc x2  
  111  12:29  Cloaking Module (Chrono Boost)  
  99  13:07  Mothership  
  97  13:11  Detect Weakness (Chrono Boost)  
  97  13:19  Pylon, Havoc  
  98  13:21  Supplicant x8, Pylon  
  98  13:22  Supplicant x2  
  98  13:26  Blood Shields (Chrono Boost)  
  88  14:14  Pylon  
  88  14:26  Supplicant x8  
  88  14:27  Supplicant x8  
  110  15:29  Pylon  
  106  15:33  Pylon  
  96  15:58  Supplicant x2  
  96  15:59  Supplicant x8  
  96  16:00  Supplicant x4  
  118  16:03  Supplicant x2  
  126  16:24  Photon Cannon  
  126  16:28  Photon Cannon  
  117  16:32  Photon Cannon  
  117  16:33  Photon Cannon  
  117  16:36  Slayer  
  117  16:37  Slayer x5  
  117  16:38  Slayer x2  
  119  16:50  Phasing Armor (Chrono Boost)  
  117  17:13  Photon Cannon  
  117  17:16  Photon Cannon  
  117  17:18  Photon Cannon  
  101  17:38  Photon Cannon  
  95  17:40  Photon Cannon  
  95  17:41  Supplicant x6  
  95  17:42  Supplicant x2  
  95  17:43  Photon Cannon  
  95  17:46  Photon Cannon  
  95  17:47  Photon Cannon  
  97  18:02  Supplicant x6  
  97  18:04  Blink (Chrono Boost)  
  105  18:21  Supplicant x6  
  105  18:35  Supplicant x4  
  109  18:48  Supplicant x2  
  105  18:51  Supplicant x2  
  105  18:52  Soul Augmentation (Chrono Boost)  
  105  19:09  Supplicant x4  
  107  19:58  Pylon  
  107  20:01  Pylon  
  91  20:32  Supplicant x4  
  91  20:33  Supplicant x4  
  91  20:38  Supplicant x8  
  123  20:50  Pylon  
  117  21:13  Mothership  
  105  21:31  Havoc  
  105  21:32  Havoc  
  107  21:52  Supplicant x4  
  107  21:53  Supplicant x4  
  107  21:54  Supplicant x2  
  107  21:55  Supplicant x2  
  131  22:20  Supplicant x6  
  131  22:21  Slayer  
  145  22:39  Slayer x2  
  149  22:40  Slayer  
  149  22:41  Supplicant x2  
  153  22:53  Supplicant x2  
  153  22:54  Supplicant x2  
  131  23:16  Supplicant x4  
  131  23:17  Supplicant x6  
  131  23:31  Supplicant x4  
  125  23:52  Supplicant x4  
  125  23:53  Supplicant x4  
Show
View Real Time Build Order
Export as new Build Order

춤추는불곰 Terran 

Build Orders:  

Get SALT Encoding   

Tags
 
Commander
AlarakRaynor
Matchup
Co-op
Replay Pack
Co-op Speedrun
Add a new tag
Caveats
  • Supply blocks, unpowered buildings, or Contaminate may cause inaccurate times.
  • Supply counts are checked every 10 seconds.